 Dungeon Crawl Stone Soup version 0.28-b1-1-g3c77fb2ed1 (webtiles) character file.

Game seed: 10379326491862322383

5284 4FPSwarrior the Grappler (level 10, -4/100 HPs)
             Began as a Purple Draconian Transmuter on Jan 29, 2022.
             Was a Follower of Qazlal.
             Splashed by a brown ugly thing's acid (11 damage)
             ... on level 10 of the Dungeon.
             The game lasted 00:37:01 (12428 turns).

4FPSwarrior the Grappler (DrTm)                    Turns: 12428, Time: 00:37:01

Health: -4/100     AC: -4    Str: 21    XL:     10   Next: 37%
Magic:  17/17      EV: 25    Int: 13    God:    Qazlal [*.....]
Gold:   517        SH:  2    Dex: 14    Spells: 6/18 levels left

rFire   x . .      SeeInvis .     - Unarmed
rCold   + + +      Faith    .   (shield currently unavailable)
rNeg    . . .      Spirit   .   (armour unavailable)
rPois   +          Reflect  .   (helmet currently unavailable)
rElec   .          Harm     .   (cloak currently unavailable)
rCorr   .          Rampage  .   (gloves currently unavailable)
Will    +....                   (boots currently unavailable)
Stlth   +.........              t - amulet of the acrobat
HPRegen 0.26/turn               d - +6 ring of strength
MPRegen 0.15/turn               (no ring)

@: ice-form, corroded, acrobatic
A: freezing attack, amphibious, boosted hp, (breathe power), AC +7, large,
unfitting armour, (cold-blooded)
a: End Transformation, Renounce Religion


You were on level 10 of the Dungeon.
You worshipped Qazlal.
Qazlal was aware of your devotion.
You were a creature of crystalline ice.
You visited 2 branches of the dungeon, and saw 11 of its levels.

You collected 517 gold pieces.

Inventory:

Missiles
 e - 164 stones
 l - 4 boomerangs (quivered)
 n - 18 poisoned darts
Armour
 u - a scarf of shadows
 v - a +0 cloak (melded)
Jewellery
 a - the ring of the Seer {Contam rElec rF+ Str+4 Stlth+}
   (You found it on level 3 of the Dungeon)

   [ring of protection from fire]

   Str:       It affects your strength (+4).
   rF:        It protects you from fire.
   rElec:     It insulates you from electricity.
   Contam:    It causes magical contamination when unequipped.
   Stlth:     It makes you more stealthy.
 d - a +6 ring of strength (left front paw)
 p - a ring of flight
 t - an amulet of the acrobat (around neck)
Wands
 m - a wand of iceblast (13)
 s - a wand of charming (7)
Scrolls
 b - a scroll of teleportation
 c - 3 scrolls of fog
 j - a scroll of magic mapping {unknown}
 k - a scroll of enchant weapon {unknown}
 q - 2 scrolls of fear
 r - a scroll of amnesia {unknown}
 w - a scroll of holy word {unknown}
 y - a scroll of summoning {unknown}
Potions
 f - a potion of curing
 g - a potion of ambrosia {unknown}
 h - 3 potions of flight
 i - 2 potions of mutation
 o - a potion of heal wounds {unknown}
 x - 2 potions of degeneration
 z - a potion of invisibility {unknown}


   Skills:
 * Level 6.6 Fighting
 - Level 2.5 Dodging
 * Level 8.6 Unarmed Combat
 + Level 4.9 Spellcasting
 + Level 3.8 Conjurations
 + Level 0.4 Hexes
 * Level 7.7 Transmutations
 + Level 3.8 Ice Magic
 + Level 3.8 Air Magic
 + Level 3.6 Invocations


You had 6 spell levels left.
You knew the following spells:

 Your Spells              Type           Power      Damage    Failure   Level
a - Beastly Appendage     Tmut           46%        N/A       1%          1
b - Wereblood             Tmut           23%        N/A       1%          2
c - Ice Form              Ice/Tmut       18%        N/A       17%         4
d - Static Discharge      Conj/Air       13%        N/A       6%          2
e - Confusing Touch       Hex            4%         N/A       43%         3

Your spell library contained the following spells:

 Spells                   Type           Power      Damage    Failure   Level
 Sting                    Tmut/Pois      52%        1d5       3%          1
 Shock                    Conj/Air       52%        1d6       4%          1
 Spider Form              Tmut/Pois      13%        N/A       12%         3
 Swiftness                Air            13%        N/A       12%         3
 Poisonous Vapours        Pois/Air       16%        N/A       13%         2
 Slow                     Hex            16%        N/A       16%         1
 Animate Skeleton         Necr           6%         N/A       19%         1
 Pain                     Necr           12%        1d4       19%         1
 Airstrike                Air            6%         N/A       36%         4
 Gell's Gravitas          Tloc           3%         N/A       50%         3
 Teleport Other           Tloc           3%         N/A       50%         3
 Vampiric Draining        Necr           3%         2d6       50%         3
 Lightning Bolt           Conj/Air       6%         1d18      73%         5
 Animate Dead             Necr           1%         N/A       88%         4
 Olgreb's Toxic Radiance  Pois           3%         N/A       88%         4
 Dispersal                Tloc           1%         N/A       100%        6
 Haunt                    Necr/Summ      1%         N/A       100%        7
 Infestation              Necr           1%         N/A       100%        8
 Maxwell's Capacitive Co  Air            6%         ∞         100%        8


Dungeon Overview and Level Annotations

Branches:
Dungeon (10/15)            Temple (1/1) D:5
   Lair: D:8-11         Orc: D:9-12

Altars:
Ashenzari
Cheibriados
Gozag
Qazlal
Trog
Uskayaw
Zin
The Shining One
Lugonu

Shops:
D:5 (   D:8 [

Portals:
Abyss: D:4

Annotations:
D:4 1 runed translucent door, Crazy Yiuf
D:6 exclusion: upstairs
D:8 Psyche


Innate Abilities, Weirdness & Mutations

You are a creature of crystalline ice.
You have a powerful freezing melee attack.
You are amphibious.
Your maximum health is increased.
Your armour is entirely melded.
You are incapable of wielding weapons or throwing items.
((You can breathe bolts of dispelling energy.))
((Your rich purple scales are hard. (AC +7)))
You cannot fit into any form of body armour.
((You are cold-blooded and may be slowed by cold attacks.))


Message History

A brown ugly thing comes into view.
The brown ugly thing gurgles horribly!
A wight comes into view. It is wielding a +1 vorpal hand axe.
Aiming: Breathe Dispelling Energy (3% risk of failure)
Press: ? - help, Shift-Dir - straight line, f - brown ugly thing
Aim: a brown ugly thing (53% to hit)
You breathe a bolt of dispelling energy.
The bolt of dispelling energy hits the brown ugly thing.
The brown ugly thing is lightly wounded.
Casting: Beastly Appendage (safe; 1% risk of failure)
Confirm with . or Enter, or press ? or * to list all spells.
You turn into a creature of crystalline ice.
Your +0 cloak melds into your body.
You hit the brown ugly thing. You freeze the brown ugly thing.
The brown ugly thing is lightly wounded.
The brown ugly thing stings you! The acid corrodes you!
You are splashed with acid.
You hit the brown ugly thing but do no damage.
The brown ugly thing is lightly wounded.
The brown ugly thing stings you! The acid corrodes you!
You are splashed with acid.
You hit the brown ugly thing. You freeze the brown ugly thing.
The brown ugly thing is moderately wounded.
You pummel the brown ugly thing!! You freeze the brown ugly thing.
The brown ugly thing is severely wounded.
The brown ugly thing stings you!
You are splashed with acid!
You hit the brown ugly thing. You freeze the brown ugly thing.
The brown ugly thing is severely wounded.
The brown ugly thing stings you!
* * * LOW HITPOINT WARNING * * *
You are splashed with acid!
* * * LOW HITPOINT WARNING * * *
Okay, then.
The brown ugly thing misses you.
You have got your breath back.
There is a stone staircase leading up here.
The brown ugly thing stings you!
* * * LOW HITPOINT WARNING * * *
The acid corrodes you!
You are splashed with acid!
You die...

#..##..####.....................
#......## #....................
....###..####....................
... ##..##.....##....#.........
.. ##........###....#........
##.......###....##.......
##....<#........###......
#....###........####.....
#.....#..##Y........####....
#....###..u..######...##....
...... #..##..# ##........
.#.......####..# ##........
####...# #..# ##......##. ##..
##..###.......### ...≈
≈≈........#..## # ≈..≈
≈.≈..........# # .≈≈
≈≈...........####


You could see a brown ugly thing.

Vanquished Creatures
  Pikel (D:5)
  A black mamba (shapeshifter) (D:9)
  A troll (D:9)
  Prince Ribbit (D:9)
  A shadow (D:10)
  3 steam dragons
  5 yaks (D:9)
  An acid dragon (D:9)
  2 water moccasins (D:7)
  An orc warrior (D:8)
  A sky beast (D:7)
  A necrophage (D:6)
  2 ogres
  A centaur (D:8)
  A lemure (D:5)
  6 bullfrogs
  4 scorpions
  7 killer bees
  8 wights
  4 centaur zombies
  A hound (D:4)
  A jelly (D:7)
  A centaur skeleton (D:7)
  2 orc priests
  3 iguanas
  6 orc wizards
  A killer bee zombie (D:5)
  3 howler monkey zombies (D:9)
  4 gnolls (D:3)
  A howler monkey skeleton (D:4)
  9 adders
  2 shadow imps
  A white imp (D:7)
  2 ufetubi
  13 orcs
  5 ball pythons
  7 bats
  5 endoplasms
  3 giant cockroaches
  7 goblins
  8 hobgoblins
  12 kobolds
  4 quokkas
  3 frilled lizards
  6 rats
  2 lurking horrors (D:4)
164 creatures vanquished.

Notes
Turn   | Place    | Note
-------+----------+-------------------------------------------
     0 | D:1      | 4FPSwarrior the Draconian Transmuter began the quest for
                  | the Orb.
     0 | D:1      | Reached XP level 1. HP: 16/16 MP: 3/3
   188 | D:1      | Reached XP level 2. HP: 23/23 MP: 3/5
   698 | D:1      | Found a faded altar of an unknown god.
   837 | D:2      | Reached XP level 3. HP: 20/28 MP: 4/6
   989 | D:2      | Learned a level 2 spell: Wereblood
  1059 | D:2      | Reached skill level 4 in Unarmed Combat
  1618 | D:3      | Identified the ring of the Seer {Contam rElec rF+ Str+4
                  | Stlth+}
  1630 | D:3      | Reached XP level 4. HP: 35/35 MP: 5/7
  2501 | D:3      | Reached XP level 5. HP: 29/40 MP: 6/8
  2793 | D:4      | Reached skill level 5 in Unarmed Combat
  2916 | D:4      | Reached XP level 6. HP: 42/48 MP: 9/9
  3101 | D:4      | Found a one-way gate to the infinite horrors of the Abyss.
  3284 | D:4      | Found a corrupted altar of Lugonu.
  3630 | D:4      | Found a glowing golden altar of the Shining One.
  4059 | D:4      | Reached skill level 6 in Unarmed Combat
  4059 | D:4      | Reached skill level 5 in Transmutations
  4059 | D:4      | Your scales start taking on a rich purple colour.
  4059 | D:4      | Reached XP level 7. HP: 55/55 MP: 10/10
  4262 | D:4      | Found a runed translucent door.
  4263 | D:4      | Noticed Crazy Yiuf
  4455 | D:5      | Entered Level 5 of the Dungeon
  4469 | D:5      | Learned a level 4 spell: Ice Form
  4472 | D:5      | Learned a level 2 spell: Static Discharge
  4547 | D:5      | Found Liohialoas's Antique Weapon Boutique.
  4863 | D:5      | Noticed Pikel
  4884 | D:5      | Killed Pikel
  4885 | D:5      | Reached skill level 1 in Conjurations
  4885 | D:5      | Reached skill level 1 in Ice Magic
  4885 | D:5      | Reached skill level 1 in Air Magic
  4885 | D:5      | Reached XP level 8. HP: 63/63 MP: 10/12
  5092 | D:5      | Found a staircase to the Ecumenical Temple.
  5105 | D:5      | Found a snail-covered altar of Cheibriados.
  5284 | D:5      | HP: 3/63 [ogre (20)]
  5658 | D:5      | Found Liohialoas's Antique Weapon Boutique.
  5962 | D:5      | Found a snail-covered altar of Cheibriados.
  5996 | D:5      | Found a staircase to the Ecumenical Temple.
  6210 | Temple   | Entered the Ecumenical Temple
  6218 | Temple   | Became a worshipper of Qazlal Stormbringer
  6431 | D:6      | Reached skill level 7 in Unarmed Combat
  6662 | D:7      | Reached skill level 1 in Invocations
  6944 | D:7      | Identified the +1 scale mail of Indecent Exposure {Fly
                  | rElec rCorr Dex-3}
  7454 | D:7      | Reached XP level 9. HP: 38/67 MP: 14/14
  7822 | D:7      | Found a glowing silver altar of Zin.
  7824 | D:7      | Found an opulent altar of Gozag.
  8268 | D:7      | Reached * piety under Qazlal
  8269 | D:7      | Reached skill level 5 in Fighting
  9002 | D:7      | Found a hide-covered altar of Uskayaw.
  9430 | D:8      | Found Hofadol's Armour Boutique.
  9459 | D:8      | Identified the +6 whip of Instant Death {drain, *Rage rC+
                  | rCorr}
  9519 | D:8      | Noticed Psyche
  9802 | D:8      | Reached skill level 8 in Unarmed Combat
  9844 | D:9      | Reached XP level 10. HP: 46/83 MP: 16/16
 10726 | D:9      | Noticed a black mamba
 10739 | D:9      | Killed a black mamba
 10946 | D:9      | Noticed Prince Ribbit
 10954 | D:9      | Learned a level 3 spell: Confusing Touch
 10971 | D:9      | Killed Prince Ribbit
 11298 | D:9      | Noticed a two-headed ogre
 11810 | D:9      | Found a broken altar of Ashenzari.
 12040 | D:10     | Entered Level 10 of the Dungeon
 12373 | D:10     | Noticed a brown ugly thing
 12428 | D:10     | Splashed by a brown ugly thing's acid

Illustrated notes

Levels and vault maps discovered:
D:1:      dpeg_arrival_round_c, layout_rooms, chequers_ecumenical_altar_grove,
          minmay_tree_intersection
D:2:      layout_basic, kennysheep_nub, minmay_tromino_v7
D:3:      layout_basic, amcnicky_mini_rare_corridor_liquid
D:4:      layout_loops_cross, tso_metal_star, amcnicky_altar_lugonu_corruption,
          uniq_crazy_yiuf_cottage
D:5:      layout_gridville, old_standard_altar,
          minmay_temple_entry_from_below_a, serial_shops, nicolae_square_shop,
          uniq_pikel
D:6:      layout_rooms
D:7:      layout_basic, nicolae_overflow_hidden_temple
D:8:      layout_rooms, serial_shops, nicolae_square_shop, grunt_potential,
          uniq_psyche
D:9:      layout_basic, mainiacjoe_overflow_cross_hatched, uniq_prince_ribbit1
D:10:     layout_layer_cave, erik_lair_island, hive_lemuel
Temple:   dpeg_chambers_temple

Skill      XL: |  1  2  3  4  5  6  7  8  9 |
---------------+----------------------------+-----
Unarmed Combat | 4 5 6 7 8 |  8.6
Transmutations | 3 4 5 6 7 |  7.7
Fighting       | 2 3 4 6 |  6.6
Dodging        | 2 |  2.5
Spellcasting   | 3 4 |  4.9
Conjurations   | 1 2 3 |  3.8
Ice Magic      | 1 2 3 |  3.8
Air Magic      | 1 2 3 |  3.8
Invocations    | 1 3 |  3.6
Hexes          | |  0.4

Action                   |  1- 3 |  4- 6 |  7- 9 | 10-12 || total
-------------------------+-------+-------+-------+-------++-------
Melee: Unarmed           |    99 |   121 |   214 |    71 ||   505
       Kick              |    17 |    25 |    54 |    13 ||   109
       Headbutt          |     8 |    10 |    40 |    13 ||    71
       Punch             |     2 |     2 |     8 |     3 ||    15
       Tailslap          |    14 |    10 |    23 |     9 ||    56
Throw: Boomerang         |       |    12 |    14 |     6 ||    32
       Dart              |       |     9 |     7 |       ||    16
 Cast: Beastly Appendage |    26 |    21 |    39 |    11 ||    97
       Wereblood         |       |     2 |     7 |     1 ||    10
       Ice Form          |       |       |       |     1 ||     1
 Abil: Breathe Dispellin |       |       |    25 |     8 ||    33
Evoke: Wand              |       |       |     6 |       ||     6
  Use: Scroll            |     3 |       |     9 |       ||    12
       Potion            |       |       |     2 |     1 ||     3
 Stab: Sleeping          |       |       |     3 |       ||     3
Armor: Skin              |    41 |    34 |    70 |    18 ||   163
Dodge: Dodged            |    65 |    68 |   122 |    46 ||   301
Block: Other             |       |       |     3 |     5 ||     8
